 Dungeon Crawl Stone Soup version 0.25-a0-464-g3004169c2b (webtiles) character file.

Game seed: 17504031797289628457, levelgen mode: deterministic

150 Gargoyl the Skirmisher (level 5, -3/45 HPs)
             Began as a Centaur Abyssal Knight on Feb 4, 2020.
             Was a Believer of Lugonu.
             Slain by Grinder (6 damage)
             ... on level 3 of the Dungeon.
             The game lasted 00:04:11 (1899 turns).

Gargoyl the Skirmisher (Centaur Abyssal Knight)     Turns: 1899, Time: 00:04:12

Health: -3/45      AC:  9    Str: 15    XL:     5   Next: 10%
Magic:  6/6        EV:  2    Int: 16    God:    Lugonu [**....]
Gold:   88         SH: 13    Dex:  9    Spells: 4/4 levels left

rFire    . . .     SeeInvis .   a - +2 hand axe
rCold    . . .     Gourm    .   d - +2 large shield
rNeg     . . .     Faith    .   e - +3 scale mail
rPois    .         Spirit   .   (no helmet)
rElec    .         Reflect  .   (no cloak)
rCorr    .         Harm     .   (no gloves)
MR       .....                  (no barding)
Stlth    ..........             (no amulet)
HPRegen  0.15/turn              (no ring)
MPRegen  0.10/turn              (no ring)

@: brilliant, very slightly contaminated, hasted, invisible, very quick
A: large, hooves 3, deformed body, speed 2, tough skin 3
a: Depart the Abyss, Bend Space, Renounce Religion


You were on level 3 of the Dungeon.
You worshipped Lugonu.
Lugonu was pleased with you.
You were not hungry.

You visited 1 branch of the dungeon, and saw 3 of its levels.
You visited the Abyss 1 time.

You collected 88 gold pieces.

Inventory:

Hand Weapons
 a - a +2 hand axe (weapon)
Armour
 d - a +2 large shield (worn)
 e - a +3 scale mail (worn)
Scrolls
 g - 2 scrolls of identify
 i - a scroll of noise {unknown}
Potions
 b - a potion of haste
Comestibles
 c - 5 rations


   Skills:
 + Level 3.3 Fighting
 + Level 2.6 Axes
 * Level 2.5 Armour
 + Level 0.9 Dodging
 * Level 1.5 Shields
 * Level 2.6 Invocations


You had 4 spell levels left.
You didn't know any spells.
Your spell library was empty.

Dungeon Overview and Level Annotations

Branches:
Dungeon (3/15)

Altars:
Dithmenos
Ru

Annotations:
D:3 Grinder


Innate Abilities, Weirdness & Mutations

You have hooves in place of feet.
Armour fits poorly on your strangely shaped body.
You cover ground very quickly.
You have extremely tough skin. (AC +3)


Message History

You block Grinder's attack.
You hit Grinder.
Grinder is heavily wounded.
Grinder blinks!
Grinder hits you.
You writhe in agony.
* * * LOW HITPOINT WARNING * * *
You hit Grinder. You kick Grinder.
Grinder is severely wounded.
Grinder hits you.
* * * LOW HITPOINT WARNING * * *
You writhe in agony.
* * * LOW HITPOINT WARNING * * *
You hit Grinder but do no damage. You kick Grinder, but do no damage.
Grinder is severely wounded.
Your shield prevents you from hitting Grinder.
Grinder is severely wounded.
Grinder hits you.
* * * LOW HITPOINT WARNING * * *
You writhe in agony.
You die...

##.###########.# #.#
#.......#.# #.# #.#####.#.#
######### #.# #.#....<#.#
##........ #.# #.#.###.#.#
#.......# #.# #.# #.#.#
#.......##### #.# #.# #.#.#
#............ #.# #.# #.#5#
#.......###.# #.# #.# #.#@#
#.....^.#.#.. #.# #.# #.#.#
#.......#.#.#
##.###.#.###†#.####.........#..
#......#.....#...........##.###
##########.....................
.?...................#.###
#####.##############.#.# #..
#.#[# #.. #.#.#


You could see Grinder.

Vanquished Creatures
  A crimson imp (D:3)
  Terence (D:3)
  3 adders
  An ooze (D:2)
  4 worms
  A dart slug (D:3)
  A leopard gecko (D:2)
  5 bats
  3 giant cockroaches
  4 goblins
  3 hobgoblins
  8 jackals
  A quokka (D:2)
  2 ball pythons
  3 kobolds (D:1)
  4 rats
45 creatures vanquished.

Notes
Turn   | Place    | Note
-------+----------+-------------------------------------------
     0 | Abyss:1  | Gargoyl the Centaur Abyssal Knight began the quest for the
                  | Orb.
     0 | Abyss:1  | Reached XP level 1. HP: 19/19 MP: 2/2
    60 | Abyss:3  | Noticed a thrashing horror
    63 | Abyss:3  | Noticed a thrashing horror
    64 | Abyss:3  | Noticed a thrashing horror
    67 | D:1      | Escaped the Abyss
   253 | D:1      | Reached * piety under Lugonu
   303 | D:1      | Reached XP level 2. HP: 26/26 MP: 3/3
   477 | D:1      | You fall into a shaft and drop 1 floor!
   532 | D:2      | Reached XP level 3. HP: 26/31 MP: 4/4
   756 | D:2      | Found a shadowy altar of Dithmenos.
   948 | D:2      | Reached skill level 1 in Shields
   949 | D:2      | Found a faded altar of an unknown god.
  1195 | D:2      | Found a sacrificial altar of Ru.
  1215 | D:2      | Reached XP level 4. HP: 38/38 MP: 5/5
  1536 | D:3      | Reached ** piety under Lugonu
  1551 | D:3      | Noticed Terence
  1569 | D:3      | Killed Terence
  1734 | D:3      | Noticed Grinder
  1748 | D:3      | Reached XP level 5. HP: 42/45 MP: 6/6
  1876 | D:3      | Paralysed by Grinder for 2 turns
  1899 | D:3      | Slain by Grinder

Levels and vault maps discovered:
D:1:      eino_arrival_cavern_e, layout_basic, minmay_pentomino_r2
D:2:      layout_basic, nicolae_ru_the_path_less_chosen,
          chequers_ecumenical_altar_grove, first_ration,
          nicolae_dithmenos_through_a_glass_darkly
D:3:      layout_basic, lemuel_coloured_pillars_altar,
          okawaru_metal_pillars_1_2, uniq_terence, uniq_grinder, uniq_ijyb

Skill      XL: |  1  2  3 |
---------------+----------+-----
Armour         | 2 |  2.5
Axes           | 2 |  2.6
Shields        | 1 |  1.5
Fighting       | |  3.3
Dodging        | |  0.9
Invocations    | |  2.6

Action                   |  1- 3 |  4- 6 || total
-------------------------+-------+-------++-------
Melee: Hand axe          |   118 |    52 ||   170
       Kick              |    18 |    12 ||    30
Invok: Depart the Abyss  |     1 |       ||     1
  Use: Scroll            |     4 |     2 ||     6
       Potion            |       |     3 ||     3
  Eat: Chunk             |       |     2 ||     2
Armor: Scale mail        |    83 |    19 ||   102
Dodge: Dodged            |     6 |     1 ||     7
Block: Large shield      |    75 |    31 ||   106

Table legend:
 A = Non-vault XP
 B = Vault XP
 C = Vault XP percentage of total XP
 D = Non-vault monster count
 E = Vault monster count
 F = Vault count percentage of total count
                 A         B        C        D         E       F
            +---------+---------+-------+---------+---------+-------
      Total |     176 |      39 |  18.1 |      42 |       3 |   6.7
            +---------+---------+-------+---------+---------+-------
        D:1 |      31 |       3 |   8.8 |      18 |       2 |  10.0
        D:2 |      68 |       0 |   0.0 |      16 |       0 |   0.0
        D:3 |      77 |      36 |  31.9 |       8 |       1 |  11.1
            +---------+---------+-------+---------+---------+-------
